 Dungeon Crawl Stone Soup version 0.23.1 (webtiles) character file.

Game seed: 11966897212802484871

2402 vishdafish the Carver (level 9, 0/65 (66) HPs)
             Began as a Demonspawn Fighter on Mar 17, 2019.
             Was an Initiate of Gozag.
             Slain by Erica
             ... wielding a +4 scimitar of flaming
              (7 damage)
             ... on level 8 of the Dungeon.
             The game lasted 00:12:10 (7494 turns).

vishdafish the Carver (Demonspawn Fighter)          Turns: 7494, Time: 00:12:11

HP:   0/65 (66)     AC: 10    Str: 19      XL:     9   Next: 23%
MP:   12/12         EV:  8    Int:  8 (10) God:    Gozag
Gold: 543           SH: 11    Dex: 17      Spells: 8/8 levels left

rFire    . . .     SeeInvis .   s - +5 short sword
rCold    . . .     Gourm    .   c - +1 shield
rNeg     . . .     Faith    .   b - +0 scale mail
rPois    .         Spirit   .   (no helmet)
rElec    .         Reflect  .   p - +0 cloak
rCorr    .         Harm     .   n - +0 pair of gloves
MR       .....                  q - +0 pair of boots
Stlth    ++........             i - amulet of rage
HPRegen  0.20/turn              (no ring)
MPRegen  0.13/turn              (no ring)

@: lethally poisoned (0 -> -6), berserk cooldown
A: thin skeletal structure 2, nightstalker 1, powered by pain 1
a: Potion Petition, Call Merchant, Bribe Branch, Renounce Religion, Evoke
Berserk Rage


You were on level 8 of the Dungeon.
You worshipped Gozag.
Gozag was pleased with you.
You were not hungry.

You visited 2 branches of the dungeon, and saw 8 of its levels.

You collected 632 gold pieces.
You paid 89 gold pieces to Gozag.

Inventory:

Hand Weapons
 a - a +0 long sword
 s - a +5 short sword (weapon)
Missiles
 d - 8 tomahawks (quivered)
Armour
 b - a +0 scale mail (worn)
 c - a +1 shield (worn)
 n - a +0 pair of gloves (worn)
 p - a +0 cloak (worn)
 q - a +0 pair of boots (worn)
Jewellery
 i - an amulet of rage (around neck)
 o - an uncursed amulet of guardian spirit {unknown}
Scrolls
 e - 3 scrolls of remove curse
 j - 2 scrolls of noise
 l - 2 scrolls of identify
 r - a scroll of random uselessness {unknown}
Potions
 k - a potion of resistance
 t - a potion of degeneration
Comestibles
 f - 4 rations


   Skills:
 - Level 4.4 Fighting
 * Level 9.0 Long Blades
 - Level 3.8 Armour
 - Level 0.9 Dodging
 - Level 4.0 Shields
 - Level 5.2 Evocations


You had 8 spell levels left.
You didn't know any spells.
Your spell library was empty.

Dungeon Overview and Level Annotations

Branches:
Dungeon (8/15)             Temple (1/1) D:5
   Lair: D:8-11

Altars:
Cheibriados
Dithmenos
Elyvilon
Fedhas
Gozag
Hepliaklqana
Nemelex Xobeh
Ru
Sif Muna
Uskayaw
Vehumet
Wu Jian
Xom
Yredelemnul

Shops:
D:5 }

Annotations:
D:8 Erica


Innate Abilities, Weirdness & Mutations

You have a moderately thin skeletal structure. (Dex +4, Stealth+)
You are slightly more attuned to the shadows.
You sometimes gain a little power by taking damage.


Message History

You closely miss Erica.
Erica is severely wounded.
You feel sick.
Erica hits you with a +4 scimitar of flaming.
* * * LOW HITPOINT WARNING * * *
Erica burns you.
* * * LOW HITPOINT WARNING * * *
You aren't carrying any items that you can evoke.
Okay, then.
As you read the scroll labeled EBLEADWIGU, it crumbles to dust.
It is a scroll of identify.
j - 2 scrolls of noise
As you read the scroll labeled QENLEY DEWN, it crumbles to dust.
It is a scroll of enchant weapon.
Your +4 short sword glows red for a moment.
* * * LOW HITPOINT WARNING * * *
You feel sick.
Erica hits you with a +4 scimitar of flaming!
You die...
Your body crumbles into a pile of gold.

#.#.P......#....#....
#.#........#......#####
#.#........#####.......
#.#........# #.......
#.####.#########..>....
#..............#.......
######.#######.#.......
#.# ###.#@...... #.#
#...#@...... #.#
#...#....... #.#
#.........). #.#
#.......#.## #.#
##......#.# #.....## #
#.....# ##.#### #..


You could see Erica.

Vanquished Creatures
  A phantom (D:4)
  2 orc warriors
  2 necrophages (D:8)
  An ogre (D:4)
  A big kobold (D:7)
  A gnoll sergeant (D:5)
  4 bullfrogs (D:7)
  2 scorpions (D:4)
  A wyvern skeleton (D:7)
  6 killer bees (D:7)
  5 wights
  2 howler monkeys
  2 jellies
  A quasit (D:7)
  2 hounds
  2 orc priests (D:7)
  A gnoll shaman (D:7)
  Terence (D:3)
  An iguana (D:4)
  3 orc wizards (D:7)
  5 worker ants
  9 gnolls
  A worker ant zombie (D:7)
  8 adders
  A shadow imp (D:7)
  2 oozes
  2 worms
  3 leopard geckos
  22 orcs
  5 giant cockroaches
  5 goblins
  4 hobgoblins
  8 jackals (D:2)
  4 quokkas
  10 bats
  6 frilled lizards
  12 kobolds
  11 rats
159 creatures vanquished.

Notes
Turn   | Place    | Note
-------+----------+-------------------------------------------
     0 | D:1      | vishdafish the Demonspawn Fighter began the quest for the
                  | Orb.
     0 | D:1      | Reached XP level 1. HP: 18/18 MP: 1/1
   183 | D:1      | Gained mutation: You sometimes gain a little power by
                  | taking damage. [demonic ancestry]
   183 | D:1      | Reached XP level 2. HP: 22/24 MP: 2/2
   407 | D:1      | Reached skill level 2 in Long Blades
   673 | D:2      | Gained mutation: You are slightly more attuned to the
                  | shadows. [demonic ancestry]
   673 | D:2      | Reached XP level 3. HP: 7/29 MP: 3/3
  1139 | D:2      | Reached XP level 4. HP: 28/35 MP: 4/4
  2237 | D:3      | Reached skill level 3 in Long Blades
  2388 | D:3      | Noticed Terence
  2447 | D:3      | Killed Terence
  2447 | D:3      | Reached XP level 5. HP: 25/42 MP: 5/5
  3290 | D:4      | Noticed a phantom
  3427 | D:4      | Noticed an ogre
  3437 | D:4      | Killed an ogre
  3437 | D:4      | Gained mutation: You have a somewhat thin skeletal
                  | structure. (Dex +2, Stealth) [demonic ancestry]
  3437 | D:4      | Reached XP level 6. HP: 40/48 MP: 6/6
  3448 | D:4      | Reached skill level 4 in Long Blades
  4218 | D:4      | Reached skill level 1 in Evocations
  4218 | D:4      | Gained mutation: You have a moderately thin skeletal
                  | structure. (Dex +4, Stealth+) [demonic ancestry]
  4218 | D:4      | Reached XP level 7. HP: 47/55 MP: 7/7
  4511 | D:5      | Entered Level 5 of the Dungeon
  4552 | D:5      | Found a staircase to the Ecumenical Temple.
  4763 | Temple   | Entered the Ecumenical Temple
  4811 | Temple   | Became a worshipper of Gozag Ym Sagoz the Greedy
  5474 | D:5      | Found Amugumid's Gadget Boutique.
  5477 | D:5      | You fall through a shaft for 2 floors!
  5501 | D:7      | Reached skill level 5 in Evocations
  5511 | D:7      | Reached XP level 8. HP: 46/61 MP: 11/11
  5616 | D:7      | Reached skill level 5 in Long Blades
  5820 | D:7      | Reached skill level 6 in Long Blades
  6014 | D:7      | Reached skill level 7 in Long Blades
  6861 | D:7      | Reached skill level 8 in Long Blades
  6891 | D:7      | Reached XP level 9. HP: 39/66 MP: 12/12
  7398 | D:8      | Reached skill level 9 in Long Blades
  7401 | D:8      | Noticed Erica
  7488 | D:8      | HP: 3/65 [Erica/+4 scimitar of flaming (3)]
  7494 | D:8      | Slain by Erica

Skill      XL: |  1  2  3  4  5  6  7  8  9 |
---------------+----------------------------+-----
Shields        | 3 4 |  4.0
Long Blades    | 2 3 4 8 9 |  9.0
Armour         | 3 |  3.8
Fighting       | 4 |  4.4
Evocations     | 1 5 |  5.2
Dodging        | |  0.9

Action                   |  1- 3 |  4- 6 |  7- 9 || total
-------------------------+-------+-------+-------++-------
Melee: Long sword        |   112 |   312 |   383 ||   807
       Short sword       |       |       |    46 ||    46
 Abil: Evoke Berserk Rag |       |       |     9 ||     9
  Use: Potion            |     1 |     6 |     5 ||    12
       Scroll            |       |     4 |     3 ||     7
 Stab: Distracted        |       |       |     1 ||     1
       Sleeping          |       |       |     2 ||     2
  Eat: Chunk             |       |     5 |       ||     5
       Ration            |       |     2 |     6 ||     8
Armor: Scale mail        |    67 |   113 |   185 ||   365
       Skin              |       |    14 |       ||    14
Dodge: Dodged            |    36 |    92 |   117 ||   245
Block: Shield            |    59 |   208 |   250 ||   517
       Rpst.: Long sword |    14 |    30 |    33 ||    77
